 Dungeon Crawl Stone Soup version 0.30-a0-241-g1121274140 (webtiles) character file.

Game seed: 3056579057250355985

51 Sobieck the Covered (level 3, -1/33 HPs)
             Began as an Armataur Fighter on Oct 10, 2022.
             Slain by a white imp (3 damage)
             ... summoned by Natasha
             ... on level 2 of the Dungeon.
             The game lasted 00:02:40 (1203 turns).

Sobieck the Covered (Armataur Fighter)              Turns: 1203, Time: 00:02:41

Health: -1/33      AC:  7    Str: 23    XL:     3   Next: 58%
Magic:  12/12      EV:  7    Int:  8    God:
Gold:   98         SH:  4    Dex:  9    Spells: 2/2 levels left

rFire   . . .      SeeInvis .    a - +0 flail {mace}
rCold   . . .      Faith    .    c - +0 buckler
rNeg    . . .      Spirit   .    b - +0 scale mail
rPois   .          Reflect  .    (no helmet)
rElec   .          Harm     .    (no cloak)
rCorr   .          Roll     +    (no gloves)
Will    .....                    (no barding)
Stlth   ..........               l - amulet of magic regeneration {@e2}
HPRegen 0.25/turn                i - ring of magical power
MPRegen 0.53/turn                (no ring)

@: no status effects
A: large, rugged brown scales 3, deformed body, armoured tail, roll, long
tongue, awkward tongue
a: no special abilities


You were on level 2 of the Dungeon.
You visited 1 branch of the dungeon, and saw 2 of its levels.

You collected 98 gold pieces.


Innate Abilities, Weirdness & Mutations

You are completely covered in rugged brown scales. (AC +3, +7% HP)
Armour fits poorly on your strangely shaped body.
You have a long armoured tail.
You roll when moving toward enemies. (Rampage)
Your long tongue fully drains potion bottles. (2x potion effects)
Your tongue gives you trouble enunciating. (1.5x scroll delay)


   Skills:
 + Level 3.0 Fighting
 + Level 2.2 Maces & Flails
 + Level 4.1 Armour
 + Level 0.8 Dodging
 + Level 3.7 Shields


You had 2 spell levels left.
You didn't know any spells.
Your spell library was empty.

Inventory:

Hand Weapons
 a - a +0 flail (weapon) {mace}
Missiles
 h - 12 stones (quivered) {throwing}
Armour
 b - a +0 scale mail (worn)
 c - a +0 buckler (worn)
 f - a +0 robe
   (You found it on level 1 of the Dungeon)
Jewellery
 i - a ring of magical power (left hand)
   (You found it on level 1 of the Dungeon)
 l - an amulet of magic regeneration (around neck) {@e2}
   (You found it on level 2 of the Dungeon)
Scrolls
 e - a scroll of immolation {unknown}
 g - a scroll of teleportation {unknown}
 k - 2 scrolls of identify {unknown}
 n - a scroll of brand weapon {unknown}
Potions
 d - a potion of might
 j - a potion of berserk rage {unknown}
 m - a potion of curing {unknown}

Dungeon Overview and Level Annotations

Branches:
Dungeon (2/15) Zot: 10764

Altars:

Annotations:
D:2 Natasha

...?# #...#
#...# ...# #..#
#..# #5.# #
#######h@###$#
.......55#...#.
######.........
#.)....###
###### #..#####
.....#
.#######.######
####.#
..............<.
#.#
#######.########
#.#########.#


You could see Natasha, 2 crimson imps and a white imp (summoned).


Message History

The goblin shouts!
You hear an angry hiss.
Danger!
You roll towards the goblin!
You roll towards the goblin!
The goblin hits you but does no damage.
You sock the goblin!
You kill the goblin!
No target in view!
Things that are here:
a +0 dagger {short}; a goblin corpse
h - 12 stones {throwing} (gained 4)
An adder comes into view.
The adder hisses angrily.
Danger!
You roll towards the adder!
You barely miss the adder. The adder bites you but does no damage.
You closely miss the adder. The adder closely misses you. x2
You hit the adder but do no damage. You block the adder's attack.
The adder bites you but does no damage.
You hit the adder. The adder bites you but does no damage.
The adder barely misses you.
You barely miss the adder. The adder bites you but does no damage.
You thump the adder! The adder bites you.
You are poisoned.
The adder poisons you! The adder barely misses you.
You barely miss the adder.
You feel sick. The adder bites you but does no damage. The adder bites you.
You are more poisoned.
The adder poisons you!
You hit the adder.
You feel sick. The adder bites you but does no damage.
You miss the adder.
You feel sick. The adder barely misses you. The adder bites you.
You are too injured to fight recklessly!
Unknown command.
You miss the adder.
You feel sick. The adder bites you but does no damage.
The adder barely misses you.
You hit the adder.
You kill the adder!
You feel sick.
You feel sick.
Unknown command.
You start resting.
You feel sick.
You are no longer poisoned.
Unknown command.
There is an open door here.
A kobold comes into view. It is wielding a +0 dagger.
Found an escape hatch in the ceiling.
The kobold shouts!
Danger!
You roll towards the kobold!
You sock the kobold!
You kill the kobold!
Natasha, Servant of Life and Death comes into view.
Natasha hisses angrily.
Things that are here:
a +0 dagger {short}; a kobold corpse You roll towards Natasha!
You closely miss Natasha. Natasha claws you.
You barely miss Natasha. Natasha barely misses you. You block Natasha's attack.
You thump Natasha! Natasha closely misses you.
You hit Natasha. Natasha claws you. x2
You are too injured to fight recklessly!
You are too injured to fight recklessly!
You are too injured to fight recklessly!
Unknown command.
You barely miss Natasha. Natasha claws you.
Natasha casts a spell.
Unknown command.
You miss Natasha.
Natasha casts a spell.
Unknown command.
You barely miss Natasha. Natasha claws you but does no damage.
You block the crimson imp's attack. The white imp hits you.
The white imp freezes you.
* * * LOW HITPOINT WARNING * * *
Unknown command.
Unknown command.
You hit Natasha. Natasha claws you but does no damage.
The crimson imp spits at you.
The crimson imp hits you but does no damage.
The white imp gestures at you. The puff of frost hits you.
* * * LOW HITPOINT WARNING * * *
Natasha claws you but does no damage.
Unknown command.
You barely miss Natasha.
The crimson imp hits you but does no damage.
The white imp hits you but does no damage.
Natasha claws you but does no damage.
The crimson imp hits you but does no damage.
Unknown command.
You closely miss Natasha. The white imp hits you.
* * * LOW HITPOINT WARNING * * *
The white imp freezes you.
* * * LOW HITPOINT WARNING * * *
Natasha howls an incantation.
You feel troubled.
Natasha mumbles some strange words.
The crimson imp hits you but does no damage.
The white imp hits you.
* * * LOW HITPOINT WARNING * * *
The white imp freezes you.
You die...

Skill      XL: |  1  2  3 |
---------------+----------+-----
Maces & Flails | 2 |  2.2
Armour         | 4 |  4.1
Fighting       | 3 |  3.0
Dodging        | |  0.8
Shields        | |  3.7

Action                   || total
-------------------------++-------
Melee: Flail             ||    96
       Tailslap          ||     8
Armor: Scale mail        ||    55
Dodge: Dodged            ||    26
Block: Buckler           ||    13

Levels and vault maps discovered:
D:1:      ldierk_water_garden, layout_basic, kennysheep_crisscross,
          dreamdust_wishing_well
D:2:      layout_basic, uniq_natasha, uniq_jessica

Notes
Turn   | Place    | Note
-------+----------+-------------------------------------------
     0 | D:1      | Sobieck the Armataur Fighter began the quest for the Orb.
     0 | D:1      | Reached XP level 1. HP: 19/19 MP: 1/1
   207 | D:1      | Reached XP level 2. HP: 26/26 MP: 2/2
   209 | D:1      | Reached skill level 2 in Maces & Flails
   772 | D:1      | Reached XP level 3. HP: 29/32 MP: 3/3
   881 | D:2      | Reached skill level 4 in Armour
   896 | D:2      | Reached skill level 3 in Fighting
  1190 | D:2      | Noticed Natasha
  1203 | D:2      | HP: 8/33 [white imp[Natasha] (2)]
  1203 | D:2      | HP: 2/33 [white imp[Natasha] (2)]
  1203 | D:2      | Slain by a white imp

Vanquished Creatures
  An adder (D:2)
  A worm (D:2)
  A dart slug (D:1)
  5 ball pythons
  4 bats (D:1)
  6 endoplasms
  2 giant cockroaches (D:1)
  5 goblins
  2 hobgoblins (D:1)
  A quokka (D:1)
  A frilled lizard (D:2)
  3 kobolds
32 creatures vanquished.

Vanquished Creatures (others)
  4 toadstools (D:1)
4 creatures vanquished.

Grand Total: 36 creatures vanquished

Table legend:
 A = Non-vault XP
 B = Vault XP
 C = Vault XP percentage of total XP
 D = Non-vault monster count
 E = Vault monster count
 F = Vault count percentage of total count
                 A         B        C        D         E       F
            +---------+---------+-------+---------+---------+-------
      Total |      74 |       0 |   0.0 |      32 |       0 |   0.0
            +---------+---------+-------+---------+---------+-------
        D:1 |      41 |       0 |   0.0 |      21 |       0 |   0.0
        D:2 |      33 |       0 |   0.0 |      11 |       0 |   0.0
            +---------+---------+-------+---------+---------+-------

Illustrated notes

Table legend:
 A = Kills in this place as a percentage of kills in entire the game.
 B = Kills by you in this place as a percentage of kills by you in the entire game.
 C = Kills by friends in this place as a percentage of kills by friends in the entire game.
 D = Other kills in this place as a percentage of other kills in the entire game.
 E = Experience gained in this place as a percentage of experience gained in the entire game.
 F = Experience gained in this place divided by the number of levels of this place that you have seen.
                   A       B       C       D       E      F
               +-------+-------+-------+-------+-------+----------------------
         Total | 100.0 | 100.0 |   N/A |   N/A | 100.0 |  37.0
       Dungeon | 100.0 | 100.0 |   N/A |   N/A | 100.0 |  37.0
               +-------+-------+-------+-------+-------+----------------------

Table legend: (Time is in decaauts)
 A = Elapsed time spent in this place.
 B = Non-inter-level travel time spent in this place.
 C = Inter-level travel time spent in this place.
 D = Time resting spent in this place.
 E = Time spent auto-exploring this place.
 F = Levels seen in this place.
 G = Mean time per level.
                   A        B        C        D        E       F      G
               +--------+--------+--------+--------+--------+-----+--------+
         Total |   1234 |   1223 |     11 |      0 |   1010 |   2 |  617.0 |
       Dungeon |   1234 |   1223 |     11 |      0 |   1010 |   2 |  617.0 |
               +--------+--------+--------+--------+--------+-----+--------+

Top non-repeatable levels by time:
     D:1: 859 daAuts
     D:2: 374 daAuts
